 Dungeon Crawl Stone Soup version 0.29.1-14-g9c671dbff4 (webtiles) character file.

Game seed: 7683001331723377757

3450 devnull the Carver (level 10, -9/67 HPs)
             Began as a Human Gladiator on Feb 19, 2023.
             Was a Believer of Zin.
             Mangled by an orc warrior
             ... wielding a +0 trident
              (14 damage)
             ... on level 7 of the Dungeon.
             The game lasted 00:17:03 (7823 turns).

devnull the Carver (Human Gladiator)                Turns: 7823, Time: 00:17:04

Health: -9/67      AC: 18    Str: 26    XL:     10   Next: 26%
Magic:  13/13      EV:  8    Int:  8    God:    Zin [**....]
Gold:   375        SH:  0    Dex: 15    Spells: 9/9 levels left

rFire   . . .      SeeInvis .   a - +9 war axe of Taxation {freeze, Str+7}
rCold   . . .      Faith    .   (no shield)
rNeg    . . .      Spirit   .   y - +0 plate armour
rPois   .          Reflect  .   c - +0 helmet
rElec   .          Harm     .   K - +0 cloak
rCorr   .          Rampage  .   n - +0 pair of gloves
Will    .....                   i - +0 pair of boots
Stlth   ..........              (no amulet)
HPRegen 0.21/turn               j - +4 ring of protection
MPRegen 0.13/turn               (no ring)

@: mighty
A: no striking features
a: Renounce Religion, Recite, Vitalisation, Donate Gold


You were on level 7 of the Dungeon.
You worshipped Zin.
Zin was pleased with you.
You visited 2 branches of the dungeon, and saw 8 of its levels.
You also visited: Ossuary.

You collected 416 gold pieces.
You donated 41 gold pieces to Zin.

Inventory:

Hand Weapons
 a - the +9 war axe of Taxation (weapon) {freeze, Str+7}
   (You found it on level 6 of the Dungeon)

   It freezes those it strikes, dealing additional cold damage.
   It can also slow down cold-blooded creatures.
   Str:       It affects your strength (+7).
 b - the +5 long sword of Usset {vamp, Dex+3}
   (You found it on level 2 of the Dungeon)

   It occasionally heals its wielder for a portion of the damage dealt when it
   wounds a living foe.
   Dex:       It affects your dexterity (+3).
   Zin disapproves of the use of such an item.
 g - a +0 sling
Missiles
 d - 3 throwing nets
 e - a javelin (quivered)
 C - 28 poisoned darts
Armour
 c - a +0 helmet (worn)
 i - a +0 pair of boots (worn)
 n - a +0 pair of gloves (worn)
 t - a +0 tower shield
 v - a +0 chain mail
 y - a +0 plate armour (worn)
 K - a +0 cloak (worn)
Jewellery
 j - a +4 ring of protection (left hand)
 u - a ring of magical power
 Q - a ring of poison resistance
Wands
 m - a wand of mindburst (9)
 L - a wand of flame (9)
 O - a wand of paralysis (7)
Scrolls
 h - a scroll of brand weapon
 l - 2 scrolls of magic mapping
 o - 2 scrolls of butterflies
 p - 8 scrolls of teleportation
 s - a scroll of blinking
 w - a scroll of torment
 E - 2 scrolls of fear
 G - a scroll of vulnerability {unknown}
 H - a scroll of immolation {unknown}
 I - a scroll of amnesia {unknown}
 J - a scroll of acquirement {unknown}
 P - a scroll of enchant armour {unknown}
Potions
 f - a potion of might
 k - 3 potions of magic {unknown}
 q - 3 potions of degeneration {unknown}
 r - 2 potions of lignification {unknown}
 x - 4 potions of mutation {unknown}
 z - 2 potions of resistance {unknown}
 A - 4 potions of heal wounds {unknown}
 B - 2 potions of attraction {unknown}
 D - 3 potions of cancellation {unknown}
 F - 7 potions of curing {unknown}
 M - 3 potions of ambrosia {unknown}
 N - a potion of flight {unknown}


   Skills:
 - Level 2.0 Fighting
 - Level 11.5 Long Blades
 - Level 7.0 Axes
 - Level 2.0 Throwing
 - Level 3.0 Dodging
 + Level 4.8 Invocations


You had 9 spell levels left.
You didn't know any spells.
Your spell library contained the following spells:

 Spells                   Type           Power      Damage    Failure   Level
 Summon Small Mammal      Summ           0%         N/A       100%        1
 Call Canine Familiar     Summ           0%         N/A       100%        3
 Summon Guardian Golem    Hex/Summ       0%         N/A       100%        3


Dungeon Overview and Level Annotations

Branches:
Dungeon (7/15)             Temple (1/1) D:7         Ossuary (visited)

Altars:
Ashenzari
Cheibriados
Dithmenos
Elyvilon
Gozag
Hepliaklqana
Kikubaaqudgha
Nemelex Xobeh
Okawaru
Qazlal
Ru
Sif Muna
Trog
Uskayaw
Vehumet
Wu Jian
Xom
Yredelemnul
Zin
The Shining One

Shops:
D:5 [

Annotations:
D:7 1 transporter


Message History

The orc warrior hits you but does no damage.
You slash the orc priest! You freeze the orc priest.
You kill the orc priest!
The orc warrior misses you.
Things that are here:
a +2 war axe of electrocution; 5 gold pieces; an orc corpse You slash the orc warrior!
You freeze the orc warrior.
The orc warrior is heavily wounded.
The orc warrior unwields a +0 dire flail.
The orc warrior wields a +0 arbalest.
The orc warrior shoots a bolt.
The bolt barely misses you.
The orc warrior hits you but does no damage.
The orc wizard casts a spell.
The orc wizard flickers and vanishes!
Deactivating autopickup; reactivate with Ctrl-A.
The orc warrior hits you with a +0 trident.
You closely miss the orc warrior.
The orc warrior is heavily wounded.
You hit the orc warrior. You freeze the orc warrior.
The orc warrior hits you but does no damage.
The orc warrior unwields a +0 arbalest.
The orc warrior wields a +0 dire flail.
The orc warrior hits you but does no damage.
You barely miss the orc warrior.
The orc warrior is heavily wounded.
You miss something. You hit the orc warrior. You freeze the orc warrior.
Something hits you but does no damage. The orc warrior barely misses you.
The orc warrior hits you with a +0 dire flail!!
* * * LOW HITPOINT WARNING * * *
Something hits you but does no damage.
The orc warrior hits you with a +0 trident.
* * * LOW HITPOINT WARNING * * *
You closely miss the orc warrior. Your punch misses the orc warrior.
The orc warrior is heavily wounded.
You barely miss something. You hit the orc warrior. You freeze the orc warrior.
The orc warrior hits you with a +0 dire flail!
* * * LOW HITPOINT WARNING * * *
Something hits you.
* * * LOW HITPOINT WARNING * * *
The orc warrior hits you with a +0 trident!
You die...

#####.# ...#####...# ##..#
#.# ###....#.#)...### ##.#
#.# #.#o#.......#.#.# #.#
##.# ##.#.##.8.8.##.#.##
#.# #..#
#.©#.#!.._..)#©#©.# #.#
#.## #..#$##.8.8.##|#..#
#.# #.#
##..#.#!....).#)#..###.#
#.#
#..##..o.#.#).).#......#
#.#
##.###..@#####...########
#.# #....##.o).©.)..## #.#
#.###.############ #.# #.#
##.#.#.##.##.# ####.####.#
##.#.#.......#
..........###....#....####
####........<.#######)#
#####.####....#..).# #.#
##.#.#.##.#


You could see 2 orc warriors.

Vanquished Creatures
  A troll (D:7)
  Grinder (D:5)
  Eustachio (D:4)
  Duvessa (D:6)
  3 black bears
  A centaur (D:6)
  4 ogres
  A phantom (D:5)
  A kobold brigand (D:6)
  2 bullfrogs
  A necrophage (D:7)
  6 scorpions
  6 water moccasin zombies (Ossuary)
  Dowan (D:6)
  5 killer bees (D:5)
  A howler monkey (D:6)
  2 jellies
  4 hounds
  2 orc priests
  6 iguanas
  3 orc wizards (D:7)
  2 mummies (Ossuary)
  6 gnolls
  8 adders
  A shadow imp (D:6)
  A white imp (D:6)
  An adder skeleton (D:3)
  4 adder zombies
  A worm (D:2)
  A dart slug (D:1)
  19 orcs
  10 ball pythons
  4 bats
  11 endoplasms
  4 giant cockroaches
  6 gnoll zombies (Ossuary)
  5 goblins
  5 hobgoblins
  3 jackals (D:2)
  2 quokkas (D:1)
  2 ball python zombies (D:3)
  3 frilled lizards
  2 hobgoblin zombies (Ossuary)
  A jackal zombie (D:3)
  11 kobolds
  3 kobold zombies (Ossuary)
  8 orc zombies (Ossuary)
  A quokka skeleton (D:3)
  7 rats
185 creatures vanquished.

Notes
Turn   | Place    | Note
-------+----------+-------------------------------------------
     0 | D:1      | devnull the Human Gladiator began the quest for the Orb.
     0 | D:1      | Reached XP level 1. HP: 16/16 MP: 1/1
   431 | D:1      | Reached XP level 2. HP: 22/22 MP: 2/2
   639 | D:1      | Found a faded altar of an unknown god.
   897 | D:1      | Reached XP level 3. HP: 27/27 MP: 3/3
  1412 | D:2      | Found an opulent altar of Gozag.
  1448 | D:1      | Reached XP level 4. HP: 28/33 MP: 4/4
  1516 | D:2      | Reached skill level 5 in Axes
  1581 | D:2      | Identified the +5 long sword of Usset {vamp, Dex+3}
  1666 | D:2      | Reached skill level 1 in Long Blades
  1906 | D:2      | Reached XP level 5. HP: 38/38 MP: 5/5
  2401 | D:3      | Reached skill level 2 in Long Blades
  2858 | D:3      | Found a sparkling altar of Nemelex Xobeh.
  3255 | D:4      | Noticed Eustachio
  3293 | D:4      | Killed Eustachio
  3294 | D:4      | Reached skill level 4 in Long Blades
  3294 | D:4      | Reached XP level 6. HP: 35/44 MP: 6/6
  4033 | D:5      | Entered Level 5 of the Dungeon
  4033 | D:5      | Noticed an ogre
  4126 | D:5      | Found a sand-covered staircase.
  4130 | Ossuary  | Entered an ossuary
  4186 | Ossuary  | Reached skill level 5 in Long Blades
  4186 | Ossuary  | Reached XP level 7. HP: 48/50 MP: 7/7
  4237 | Ossuary  | Reached skill level 6 in Long Blades
  4588 | D:5      | Reached skill level 7 in Long Blades
  4588 | D:5      | Reached XP level 8. HP: 56/56 MP: 8/8
  4615 | D:5      | Found a large runed translucent door.
  4618 | D:5      | Found a large runed translucent door.
  4641 | D:5      | Reached skill level 8 in Long Blades
  4957 | D:5      | Found Cyvukhec's Antique Armour Shop.
  5018 | D:5      | Noticed Grinder
  5037 | D:5      | Killed Grinder
  5038 | D:5      | Reached skill level 9 in Long Blades
  5038 | D:5      | Reached XP level 9. HP: 43/61 MP: 9/9
  5214 | D:5      | Reached skill level 10 in Long Blades
  5380 | D:5      | Found a broken altar of Ashenzari.
  5389 | D:5      | Found an ornate altar of the Wu Jian Council.
  5499 | D:6      | Noticed Duvessa
  5499 | D:6      | Noticed Dowan
  5529 | D:6      | Killed Duvessa
  5536 | D:6      | Killed Dowan
  5537 | D:6      | Reached skill level 11 in Long Blades
  5605 | D:6      | Identified the +9 war axe of Taxation {freeze, Str+7}
  6681 | D:7      | Reached XP level 10. HP: 30/67 MP: 10/10
  7005 | D:7      | Found a staircase to the Ecumenical Temple.
  7011 | Temple   | Entered the Ecumenical Temple
  7144 | Temple   | Became a worshipper of Zin the Law-Giver
  7144 | Temple   | Reached * piety under Zin
  7194 | D:7      | Reached ** piety under Zin
  7208 | D:7      | Found a transporter.
  7215 | D:7      | Found a transporter.
  7295 | D:7      | Reached skill level 1 in Invocations
  7513 | D:7      | Found a bloodstained altar of Trog.
  7823 | D:7      | Mangled by an orc warrior

Illustrated notes

Levels and vault maps discovered:
D:1:      dpeg_arrival_boxorama, layout_loops_corners,
          shapermc_ecumenical_altar_venn
D:2:      layout_loops_ring, basic_altar, minmay_vboxes
D:3:      layout_loops_ring, lemuel_tele_altar, serial_undead, serial_undead_d,
          serial_undead_c, serial_undead_a, serial_undead_d,
          guppyfry_early_lair_pool
D:4:      nicolae_cairo_tiling_large, layout_loops_corners, kennysheep_nub,
          uniq_eustachio
D:5:      layout_rooms, jmf_multi_god_temple2, nicolae_ossuary_entry_plus,
          serial_shops, kennysheep_mini_moat, uniq_grinder
D:6:      minmay_evil_eye, layout_basic, corexii_corridor_pit,
          minmay_joined_circles, uniq_duvessa
D:7:      gammafunk_beogh_shrine, layout_loops_ring, lemuel_doored_altar,
          minmay_temple_entry_hall
Temple:   regret_index_temple_sphere_string

Skill      XL: |  1  2  3  4  5  6  7  8  9 10 |
---------------+-------------------------------+-----
Axes           | 4 5 6 7 |  7.0
Long Blades    | 1 4 5 7 9 11 | 11.5
Invocations    | 4 |  4.8
Fighting       | |  2.0
Throwing       | |  2.0
Dodging        | |  3.0

Action                   |  1- 3 |  4- 6 |  7- 9 | 10-12 || total
-------------------------+-------+-------+-------+-------++-------
Melee: War axe           |    88 |    18 |    40 |    34 ||   180
       Long sword        |       |   118 |   231 |       ||   349
       Punch             |       |     1 |     6 |       ||     7
Throw: Javelin           |     1 |     1 |       |       ||     2
       Dart              |       |       |    11 |       ||    11
       Throwing net      |       |       |     1 |       ||     1
  Use: Scroll            |       |     5 |     3 |       ||     8
       Potion            |       |       |     1 |     1 ||     2
Armor: Ring mail         |    39 |    28 |       |       ||    67
       Plate armour      |       |    45 |   173 |    32 ||   250
       Chain mail        |       |    16 |       |       ||    16
Dodge: Dodged            |    60 |    55 |    71 |    16 ||   202
